 Dungeon Crawl Stone Soup version 0.28-a0-556-gab23d0e057 (webtiles) character file.

Game seed: 15642591271994758890

54 avis the Insei (level 3, 0/26 HPs)
             Began as an Octopode Transmuter on Sept 29, 2021.
             Succumbed to an adder's poison
             ... on level 2 of the Dungeon.
             The game lasted 00:07:28 (2303 turns).

avis the Insei (Octopode Transmuter)                Turns: 2303, Time: 00:07:29

Health: 0/26       AC:  1    Str: 10    XL:     3   Next: 91%
Magic:  4/6        EV: 13    Int: 15    God:
Gold:   91         SH:  0    Dex: 12    Spells: 2/6 levels left

rFire   . . .      SeeInvis .     - Unarmed
rCold   . . .      Faith    .   (no shield)
rNeg    . . .      Spirit   .   (helmet restricted)
rPois   .          Reflect  .   (no amulet)
rElec   .          Harm     .   (no ring)
rCorr   .          Rampage  .   (no ring)
Will    .....                   (no ring)
Stlth   ++........              (no ring)
HPRegen 0.08/turn               (no ring)
MPRegen 0.10/turn               (no ring)
                                (no ring)
                                (no ring)

@: lethally poisoned (0 -> -3)
A: almost no armour, amphibious, 8 rings, camouflage 1, gelatinous body 1,
(nimble swimmer 1), tentacles
a: no special abilities


You were on level 2 of the Dungeon.
You visited 1 branch of the dungeon, and saw 2 of its levels.

You collected 91 gold pieces.

Inventory:

Missiles
 a - 49 sling bullets
 c - 18 stones
Scrolls
 b - a scroll of amnesia {unknown}
 e - a scroll of identify {unknown}
Potions
 d - a potion of haste {unknown}


   Skills:
 - Level 3.0 Fighting
 - Level 2.0 Dodging
 - Level 3.0 Unarmed Combat
 - Level 2.0 Spellcasting
 - Level 2.0 Transmutations
 * Level 2.2 Poison Magic


You had 2 spell levels left.
You knew the following spells:

 Your Spells              Type           Power      Damage    Failure   Level
a - Beastly Appendage     Tmut           14%        N/A       10%         1
p - Spider Form           Tmut/Pois      3%         N/A       28%         3

Your spell library contained the following spells:

 Spells                   Type           Power      Damage    Failure   Level
 Wereblood                Tmut           7%         N/A       14%         2
 Ice Form                 Ice/Tmut       4%         N/A       82%         4


Dungeon Overview and Level Annotations

Branches:
Dungeon (2/15)

Altars:


Innate Abilities, Weirdness & Mutations

You cannot wear most types of armour.
You are amphibious.
You can wear up to eight rings at the same time.
Your skin changes colour to match your surroundings (Stealth+).
Your rubbery body absorbs attacks. (AC +1, EV +1)
((You are camouflaged near water. (Stealth+)))
You have tentacles for arms and can constrict up to eight enemies at once.


Message History

A hobgoblin comes into view.
Your transformation is almost over.
The frilled lizard hisses angrily.
The hobgoblin shouts!
The adder closely misses you.
You hit the adder.
The adder is poisoned.
The adder is moderately wounded.
The adder misses you.
You hit the frilled lizard.
You kill the frilled lizard!
The adder misses you. The adder bites you.
You are poisoned.
The adder poisons you!
You barely miss the adder.
The adder is moderately wounded.
You feel very sick. The adder misses you.
You feel sick.
You closely miss the adder.
The adder is heavily wounded.
You feel sick.
The adder looks more healthy.
The adder misses you.
You barely miss the adder.
The adder is severely wounded.
You feel sick. The adder bites you. The adder misses you.
You hit the adder.
The adder is poisoned.
The adder is almost dead.
You feel sick.
You kill the adder!
Your Poison Magic skill increases to level 2!
You hit the hobgoblin but do no damage.
The hobgoblin is poisoned.
Your transformation has ended.
You feel sick. The hobgoblin hits you.
* * * LOW HITPOINT WARNING * * *
You closely miss the hobgoblin. You grab the hobgoblin.
You squeeze the hobgoblin, but do no damage.
You constrict the hobgoblin, but do no damage.
You feel sick. The hobgoblin hits you.
* * * LOW HITPOINT WARNING * * *
You tentacle-slap the hobgoblin.
You kill the hobgoblin!
You die...

#>##
............#.###
#.# ..#############
#.# ......... #.#
#...#.. #.# #.....
.. ##.## #...#..#.
#...#######...g....
###.......#[#####
####
#######...@...#
#..## #..........#
##... #..##.#######
###. ## #. #.# ##
#.. #.# #.. #.# #..
.# #..###.####.#
#..<.......#


There were no monsters in sight!

Vanquished Creatures
  2 adders (D:2)
  A dart slug (D:1)
  2 ball pythons (D:1)
  3 bats
  3 endoplasms (D:1)
  2 goblins
  9 hobgoblins
  3 quokkas
  2 frilled lizards
  A kobold (D:1)
  3 rats
31 creatures vanquished.

Notes
Turn   | Place    | Note
-------+----------+-------------------------------------------
     0 | D:1      | avis the Octopode Transmuter began the quest for the Orb.
     0 | D:1      | Reached XP level 1. HP: 13/13 MP: 3/3
    53 | D:1      | Found a faded altar of an unknown god.
   202 | D:1      | Reached XP level 2. HP: 12/19 MP: 1/5
  1286 | D:1      | Reached XP level 3. HP: 25/25 MP: 4/6
  1419 | D:1      | Learned a level 3 spell: Spider Form
  1904 | D:2      | Reached skill level 1 in Poison Magic
  2302 | D:2      | HP: 1/26 [hobgoblin (5)]
  2303 | D:2      | Succumbed to an adder's poison

Illustrated notes

Levels and vault maps discovered:
D:1:      dpeg_arrival_erosion, layout_basic, ebering_ecumenical_altar_mist
D:2:      layout_rooms, basic_altar, columned_hall_lemuel, uniq_terence

Skill      XL: |  1  2  3 |
---------------+----------+-----
Fighting       | 2 3 |  3.0
Poison Magic   | 2 |  2.2
Dodging        | |  2.0
Unarmed Combat | |  3.0
Spellcasting   | |  2.0
Transmutations | |  2.0

Action                   || total
-------------------------++-------
Melee: Unarmed           ||    75
       Constrict         ||    18
       Kick              ||    15
       Tentacles         ||    10
 Cast: Beastly Appendage ||    25
       Spider Form       ||     3
 Stab: Sleeping          ||     5
Armor: Skin              ||     2
Dodge: Dodged            ||    44

Table legend: (Time is in decaauts)
 A = Elapsed time spent in this place.
 B = Non-inter-level travel time spent in this place.
 C = Inter-level travel time spent in this place.
 D = Time resting spent in this place.
 E = Time spent auto-exploring this place.
 F = Levels seen in this place.
 G = Mean time per level.
                   A        B        C        D        E       F      G
               +--------+--------+--------+--------+--------+-----+--------+
         Total |   2300 |   2116 |    184 |    773 |    952 |   2 | 1150.0 |
       Dungeon |   2300 |   2116 |    184 |    773 |    952 |   2 | 1150.0 |
               +--------+--------+--------+--------+--------+-----+--------+

Top non-repeatable levels by time:
     D:1: 2082 daAuts
     D:2: 218 daAuts
